 Dungeon Crawl Stone Soup version 0.29-a0-613-gf2c431b9b9 (webtiles) character file.

Game seed: 2289072047349167013

4142 HoaS the Quickloader (level 10, 0/64 HPs)
             Began as a Gargoyle Hunter on June 16, 2022.
             Was a Follower of Okawaru.
             Killed by divine providence
             ... invoked by an orc priest
              (12 damage)
             ... on level 8 of the Dungeon.
             The game lasted 00:15:56 (9447 turns).

HoaS the Quickloader (Gargoyle Hunter)              Turns: 9447, Time: 00:15:56

Health: 0/64       AC: 18    Str: 15    XL:     10   Next: 27%
Magic:  12/12      EV: 13    Int: 10    God:    Okawaru [*.....]
Gold:   266        SH:  0    Dex: 17    Spells: 9/9 levels left

rFire   . . .      SeeInvis .   a - +2 hand crossbow
rCold   . . .      Faith    .   (no shield)
rNeg    + . .      Spirit   .   i - +2 ring mail {Will+}
rPois   ∞          Reflect  .   j - +1 helmet
rElec   +          Harm     .   (no cloak)
rCorr   .          Rampage  .   (no gloves)
Will    +....                   g - +0 pair of boots
Stlth   +.........              (no amulet)
HPRegen 0.20/turn               (no ring)
MPRegen 0.13/turn               (no ring)

@: no status effects
A: sickness immunity, AC +7, negative energy resistance 1, electricity
resistance, torment resistance 1, petrification resistance
a: Renounce Religion, Heroism


You were on level 8 of the Dungeon.
You worshipped Okawaru.
Okawaru was aware of your devotion.
You visited 2 branches of the dungeon, and saw 9 of its levels.

You collected 266 gold pieces.

Inventory:

Hand Weapons
 a - a +2 hand crossbow (weapon)
Armour
 g - a +0 pair of boots (worn)
 i - a +2 ring mail of willpower (worn)
 j - a +1 helmet (worn)
Jewellery
 b - a ring of see invisible
 s - a ring of wizardry
Wands
 d - a wand of flame (25)
 h - a wand of paralysis (9)
 o - a wand of mindburst (20)
Scrolls
 c - a scroll of immolation
 p - 2 scrolls of acquirement {unknown}
 u - a scroll of teleportation
Potions
 e - 3 potions of berserk rage
 f - a potion of flight
 k - 3 potions of curing
 l - a potion of mutation
 m - a potion of might {unknown}
 n - a potion of experience {unknown}
 q - a potion of attraction {unknown}
 r - a potion of resistance {unknown}


   Skills:
 * Level 8.1 Fighting
 - Level 10.0 Crossbows
 - Level 5.0 Armour
 * Level 6.1 Dodging
 - Level 1.1 Stealth
 - Level 3.0 Invocations


You had 9 spell levels left.
You didn't know any spells.
Your spell library contained the following spells:

 Spells                   Type           Power      Damage    Failure   Level
 Apportation              Tloc           0%         N/A       56%         1
 Necrotize                Necr           0%         1d4       56%         1
 Blink                    Tloc           0%         N/A       71%         2
 Gell's Gravitas          Tloc           0%         N/A       91%         3
 Lesser Beckoning         Tloc           0%         N/A       91%         3
 Teleport Other           Tloc           0%         N/A       91%         3
 Vampiric Draining        Necr           0%         2d6       91%         3
 Airstrike                Air            0%         N/A       100%        4
 Agony                    Necr           0%         N/A       100%        5
 Alistair's Intoxication  Tmut/Pois      0%         N/A       100%        5
 Lightning Bolt           Conj/Air       0%         1d11      100%        5
 Manifold Assault         Tloc           0%         N/A       100%        5
 Summon Lightning Spire   Summ/Air       Unusable   N/A       N/A         4

Dungeon Overview and Level Annotations

Branches:
Dungeon (8/15)             Temple (1/1) D:4
   Lair: D:8-11

Altars:
Elyvilon
Fedhas
Gozag
Hepliaklqana
Makhleb
Nemelex Xobeh
Okawaru
Ru
Sif Muna
Trog
Uskayaw
Wu Jian
Xom
Yredelemnul
Zin
The Shining One

Shops:
D:6 *

Annotations:
D:6 exclusion: oklob plant
D:7 Duvessa


Innate Abilities, Weirdness & Mutations

You are immune to sickness and miasma.
Your stone body is resilient. (AC +7)
You are immune to poison.
You resist negative energy. (rN+)
You are resistant to electric shocks. (rElec)
You are resistant to unholy torment.
You are immune to petrification.


Message History

You are too injured to fight recklessly!
You are too injured to fight recklessly!
You are too injured to fight recklessly!
You are too injured to fight recklessly!
You are too injured to fight recklessly!
You are too injured to fight recklessly!
You are too injured to fight recklessly!
You are too injured to fight recklessly!
You are too injured to fight recklessly!
You are too injured to fight recklessly!
Shoot: a) +2 hand crossbow
Press: ? - help, Q - select action, (/) - cycle Shift-Dir - straight line, f/p - yak
Aim: a yak (severely wounded, 79% to hit)
You shoot a bolt.
The bolt hits the yak but does no damage.
The yak is severely wounded.
The yak gores you.
The orc priest casts a cantrip, but nothing happens.
Something hits you but does no damage.
Shoot: a) +2 hand crossbow
Press: ? - help, Q - select action, (/) - cycle Shift-Dir - straight line, f/p - yak
Aim: a yak (severely wounded, 79% to hit)
You shoot a bolt. The bolt hits the yak!
You kill the yak!
Okawaru accepts your kill. Something hits you but does no damage.
Shoot: a) +2 hand crossbow
Press: ? - help, Q - select action, (/) - cycle Shift-Dir - straight line, f - yak
Aim: a yak (79% to hit)
You shoot a bolt. The bolt hits the yak!
The yak is moderately wounded.
Something hits you!
* * * LOW HITPOINT WARNING * * *
Shoot: a) +2 hand crossbow
Press: ? - help, Q - select action, (/) - cycle Shift-Dir - straight line, f/p - yak
Aim: a yak (moderately wounded, 79% to hit)
You shoot a bolt.
The orc priest calls down the wrath of Beogh upon you.
Beogh smites you!
You die...

####### ####### #....>#
##.oo..# #.....# #.Y###....
##.....# ######{## .
##.....######...@†.#
##..............####
##.!...##..####.###
##........## #...# .#
........### ###.##### .##.
........... #.....# #....
#..####..##......####.#####...#
##..####...#####.<.............
......# ##. #######..##.##.


You could see a yak, an orc priest and an orc.

Vanquished Creatures
  A kobold demonologist (D:5)
  Grinder (D:5)
  2 yaks (D:8)
  A steam dragon (D:8)
  Menkaure (D:5)
  A water moccasin (D:6)
  An acid dragon (D:5)
  An orc warrior (D:7)
  An ice beast (D:6)
  A sky beast (D:6)
  3 centaurs
  3 ogres
  A phantom (D:5)
  A kobold brigand (D:7)
  2 bullfrogs
  A gnoll sergeant (D:6)
  3 necrophages
  2 scorpions (D:5)
  8 wights
  Dowan (D:7)
  2 howler monkeys
  6 jellies (D:6)
  3 hounds
  4 orc priests
  Ijyb (D:4)
  A gnoll shaman (D:6)
  Terence (D:3)
  An iguana (D:4)
  4 orc wizards
  20 gnolls
  5 adders
  2 shadow imps
  2 white imps (D:6)
  An ufetubus (D:5)
  A worm (D:5)
  A dart slug (D:3)
  14 orcs
  25 endoplasms
  5 giant cockroaches
  6 goblins
  6 hobgoblins
  12 kobolds
  5 quokkas
  6 ball pythons
  4 bats
  3 frilled lizards
  4 rats
181 creatures vanquished.

Vanquished Creatures (others)
  4 fungi (D:6)
4 creatures vanquished.

Grand Total: 185 creatures vanquished

Notes
Turn   | Place    | Note
-------+----------+-------------------------------------------
     0 | D:1      | HoaS the Gargoyle Hunter began the quest for the Orb.
     0 | D:1      | Reached XP level 1. HP: 12/12 MP: 1/1
   126 | D:1      | Reached XP level 2. HP: 17/17 MP: 2/2
   346 | D:1      | Found a faded altar of an unknown god.
   882 | D:2      | Reached XP level 3. HP: 21/21 MP: 3/3
   922 | D:2      | Reached skill level 5 in Crossbows
  1077 | D:2      | Reached XP level 4. HP: 26/26 MP: 4/4
  1708 | D:3      | Reached skill level 6 in Crossbows
  1810 | D:3      | Noticed Terence
  1817 | D:3      | Killed Terence
  1818 | D:3      | Reached XP level 5. HP: 30/30 MP: 5/5
  2843 | D:4      | Noticed an ogre
  2848 | D:4      | Killed an ogre
  2849 | D:4      | Reached skill level 7 in Crossbows
  2849 | D:4      | Reached XP level 6. HP: 35/35 MP: 6/6
  3105 | D:4      | Found a staircase to the Ecumenical Temple.
  3221 | Temple   | Entered the Ecumenical Temple
  3573 | D:4      | Noticed Ijyb
  3596 | D:4      | Killed Ijyb
  3597 | D:4      | Reached skill level 8 in Crossbows
  3744 | D:4      | Reached XP level 7. HP: 24/40 MP: 7/7
  3964 | D:4      | Found a white marble altar of Elyvilon.
  4092 | D:4      | Reached skill level 9 in Crossbows
  4410 | D:5      | Entered Level 5 of the Dungeon
  4507 | D:5      | Noticed Grinder
  4515 | D:5      | Killed Grinder
  4516 | D:5      | Reached skill level 10 in Crossbows
  4516 | D:5      | Reached XP level 8. HP: 42/45 MP: 8/8
  4575 | D:5      | Reached skill level 1 in Armour
  5072 | D:5      | Noticed a kobold demonologist
  5088 | D:5      | Noticed an orange demon
  5088 | D:5      | Killed a kobold demonologist
  5118 | D:5      | Reached XP level 9. HP: 53/53 MP: 9/9
  5135 | D:5      | Reached skill level 5 in Fighting
  5283 | D:5      | Found a burning altar of Makhleb.
  5478 | D:5      | Noticed Menkaure
  5490 | D:5      | Killed Menkaure
  5535 | D:5      | Found a shimmering blue altar of Sif Muna.
  5707 | D:6      | Found an iron altar of Okawaru.
  5721 | D:6      | Became a worshipper of Warmaster Okawaru
  5754 | D:6      | Found Taexios's Serpentskin Sales.
  5891 | D:6      | Found a hazy altar of Hepliaklqana.
  6103 | D:6      | Reached skill level 1 in Invocations
  6572 | D:6      | Found a shimmering altar of Xom.
  6742 | D:6      | HP: 2/56 [wight/+5 great sword (14)]
  7373 | D:6      | Reached skill level 5 in Dodging
  7384 | D:6      | Noticed an oklob plant
  8553 | D:7      | Found a hide-covered altar of Uskayaw.
  8611 | D:7      | Reached XP level 10. HP: 61/63 MP: 10/12
  8808 | D:7      | Noticed Dowan
  8810 | D:7      | Noticed Duvessa
  8847 | D:7      | Killed Dowan
  9222 | D:8      | Reached * piety under Okawaru
  9382 | D:8      | Reached skill level 5 in Armour
  9447 | D:8      | Killed from afar by an orc priest

Illustrated notes

Levels and vault maps discovered:
D:1:      eino_arrival_cavern_d, layout_loops_cross,
          ebering_ecumenical_altar_hall
D:2:      layout_loops_ring
D:3:      layout_loops_corners, minivault_11,
          nicolae_concentric_dashed_squares_wild, minmay_misc_feat_doors,
          uniq_terence
D:4:      layout_loops_corners, elyvilon_altar_5,
          minmay_temple_entry_proselytizer, st_stairs_2,
          kennysheep_generic_room_13, uniq_ijyb
D:5:      layout_basic, lightli_temple_of_fire, old_standard_altar,
          hangedman_decor_lopped, uniq_grinder, uniq_menkaure
D:6:      lemuel_slime, layout_loops_corners, lemuel_doored_altar,
          xom_teletrap_fun, mainiacjoe_overflow_cross_hatched,
          guppyfry_shop_venom
D:7:      layout_gridville, mainiacjoe_overflow_alcove_1,
          mainiacjoe_overflow_small_starburst, minmay_misc_feat_square,
          uniq_duvessa
D:8:      layout_rooms, mainiacjoe_overflow_six_doors_small,
          gammafunk_temple_overflow_wave
Temple:   compressed_dpeg_triangle_lava_temple

Skill      XL: |  1  2  3  4  5  6  7  8  9 10 |
---------------+-------------------------------+-----
Crossbows      | 5 6 7 8 10 | 10.0
Armour         | 2 4 5 |  5.0
Dodging        | 3 5 6 |  6.1
Fighting       | 4 7 8 |  8.1
Invocations    | 2 3 |  3.0
Stealth        | |  1.1

Action                   |  1- 3 |  4- 6 |  7- 9 | 10-12 || total
-------------------------+-------+-------+-------+-------++-------
Melee: Unarmed           |       |     6 |       |       ||     6
 Fire: Hand crossbow     |    64 |   137 |   469 |   127 ||   797
Evoke: Wand              |       |     1 |     5 |       ||     6
  Use: Scroll            |     4 |     4 |     5 |     4 ||    17
       Potion            |       |     1 |     5 |       ||     6
Armor: Leather armour    |     8 |     5 |       |       ||    13
       Ring mail         |       |    24 |   128 |    41 ||   193
       Skin              |       |     1 |       |       ||     1
Dodge: Dodged            |    19 |    35 |   161 |    48 ||   263

Table legend: (Time is in decaauts)
 A = Elapsed time spent in this place.
 B = Non-inter-level travel time spent in this place.
 C = Inter-level travel time spent in this place.
 D = Time resting spent in this place.
 E = Time spent auto-exploring this place.
 F = Levels seen in this place.
 G = Mean time per level.
                   A        B        C        D        E       F      G
               +--------+--------+--------+--------+--------+-----+--------+
         Total |   9534 |   9211 |    323 |   2885 |   4793 |   9 | 1059.3 |
       Dungeon |   9276 |   8964 |    312 |   2885 |   4566 |   8 | 1159.5 |
        Temple |    257 |    246 |     11 |      0 |    227 |   1 |  257.0 |
               +--------+--------+--------+--------+--------+-----+--------+

Top non-repeatable levels by time:
     D:6: 2797 daAuts
     D:4: 1471 daAuts
     D:3: 1177 daAuts
     D:5: 1152 daAuts
     D:1: 889 daAuts
     D:2: 815 daAuts
     D:8: 594 daAuts
     D:7: 379 daAuts
  Temple: 257 daAuts
